 Dungeon Crawl Stone Soup version 0.31-a0-18-gea43df2a32 (webtiles) character file.

Game seed: 6814488639738607275

8577 vineage the Spear-Bearer (level 11, -7/89 HPs)
             Began as a Merfolk Gladiator on May 11, 2023.
             Was an Elder of Okawaru.
             Mangled by a boulder beetle (17 damage)
             ... on level 9 of the Dungeon.
             The game lasted 00:11:02 (10682 turns).

vineage the Spear-Bearer (Merfolk Gladiator)       Turns: 10682, Time: 00:11:02

Health: -7/89      AC: 23    Str: 17    XL:     11   Next: 33%
Magic:  12/14      EV: 14    Int:  7    God:    Okawaru [****..]
Gold:   558        SH:  7    Dex: 16    Spells: 10/10 levels left

rFire   . . .        G - +4 spear
rCold   + + +        A - +0 buckler
rNeg    + . .        g - +4 chain mail of the Four Portals {rPois rC+++ Str-2 SInv}
rPois   +            q - +0 helmet
rElec   .            (no cloak)
rCorr   .            h - +1 pair of gloves
SInv    +            z - +2 pair of boots
Will    .....        (no amulet) Stlth
                     f - ring of flight
HPRegen 0.34/turn    s - ring of positive energy
MPRegen 0.14/turn

%: no passive effects
@: about to teleport, heroic, flying
A: (nimble swimmer 2), mertail
a: Renounce Religion, Heroism, Finesse


You were on level 9 of the Dungeon.
You worshipped Okawaru.
Okawaru was greatly pleased with you.
You visited 2 branches of the dungeon, and saw 10 of its levels.

You collected 558 gold pieces.

Inventory:

Hand Weapons
 a - a +1 trident
 G - a +4 spear (weapon)
Missiles
 d - 4 throwing nets (quivered)
 e - 2 javelins
Armour
 g - the +4 chain mail of the Four Portals (worn) {rPois rC+++ Str-2 SInv}
   (You took it off an orc on level 3 of the Dungeon)

   Str:       It affects your strength (-2).
   rC:        It renders you almost immune to cold.
   rPois:     It protects you from poison.
   SInv:      It lets you see invisible.
 h - a +1 pair of gloves (worn)
 q - a +0 helmet (worn)
 z - a +2 pair of boots (worn)
 A - a +0 buckler (worn)
Jewellery
 f - a ring of flight (left hand)
 s - a ring of positive energy (right hand)
 B - a ring of protection from cold
 H - a ring of fire
Wands
 o - a wand of flame (40)
 u - a wand of quicksilver (8)
 D - a wand of mindburst (11)
Scrolls
 b - 2 scrolls of amnesia
 l - 6 scrolls of poison
 v - a scroll of fog
 w - a scroll of enchant weapon
 y - a scroll of magic mapping
 C - 2 scrolls of teleportation
 E - 3 scrolls of identify
 F - 4 scrolls of enchant armour {unknown}
Potions
 c - a potion of mutation
 i - 4 potions of flight
 j - 5 potions of attraction
 k - a potion of berserk rage
 m - a potion of invisibility {unknown}
 n - 3 potions of lignification {unknown}
 p - a potion of brilliance {unknown}
 r - 2 potions of haste {unknown}
 t - 3 potions of heal wounds
 x - 2 potions of magic {unknown}


   Skills:
 + Level 9.1(14.1) Fighting
 + Level 11.2(16.2) Polearms
 - Level 2.0(7.0) Throwing
 + Level 5.4(10.4) Armour
 + Level 10.4(15.4) Dodging
 + Level 6.8(11.8) Shields
 + Level 4.2 Invocations


You had 10 spell levels left.
You didn't know any spells.
Your spell library contained the following spells:

 Spells                   Type           Power      Damage    Failure   Level
 Kiss of Death            Conj/Necr      0%         2d5       98%         1
 Magic Dart               Conj           0%         1d3       98%         1
 Cigotuvi's Dreadful Rot  Necr/Pois/Air  0%         N/A       99%         2
 Passwall                 Tmut/Erth      0%         N/A       99%         2
 Searing Ray              Conj           0%         2d4       99%         2
 Confusing Touch          Hex            0%         N/A       100%        3
 Ozocubu's Armour         Ice            0%         N/A       100%        3
 Dispel Undead            Necr           0%         3d6       100%        4
 Fulminant Prism          Conj/Hex       0%         3d5       100%        4
 Metabolic Englaciation   Hex/Ice        0%         N/A       100%        5
 Iron Shot                Conj/Erth      0%         9d1       100%        6
 Shatter                  Erth           0%         3d5*      100%        9
 Death Channel            Necr           Unusable   N/A       N/A         6
 Simulacrum               Ice/Necr       Unusable   N/A       N/A         6

Dungeon Overview and Level Annotations

Branches:
Dungeon (9/15)             Temple (1/1) D:5            Lair (0/5) D:9
    Orc: D:9-12

Altars:
Ashenzari
Cheibriados
Dithmenos
Elyvilon
Fedhas
Gozag
Hepliaklqana
Kikubaaqudgha
Makhleb
Nemelex Xobeh
Okawaru
Qazlal
Ru
Sif Muna
Trog
Uskayaw
Wu Jian
Xom
Yredelemnul
Zin
The Shining One

Shops:
D:6 (

Annotations:
D:8 2 transporters


Innate Abilities, Weirdness & Mutations

((You are very nimble when in or above water. (Stealth+, EV+, Speed+++)))
Your lower body shifts to a powerful aquatic tail in water.


Message History

The boulder beetle completely misses you.
You hit the boulder beetle.
The boulder beetle is severely wounded.
You hit the boulder beetle but do no damage.
The boulder beetle is severely wounded.
You feel like a meek peon again.
The boulder beetle leaps!
The boulder beetle curls into a ball and begins rolling!
The boulder beetle hits you!!
* * * LOW HITPOINT WARNING * * *
The boulder beetle stops rolling and uncurls.
You hit the boulder beetle but do no damage.
The boulder beetle is severely wounded.
You block the boulder beetle's attack.
You hit the boulder beetle but do no damage.
The boulder beetle is severely wounded.
The boulder beetle leaps!
Items here: ( )) †.
The boulder beetle curls into a ball and begins rolling!
Items here: ( )) †.
The boulder beetle hits you but does no damage.
The boulder beetle stops rolling and uncurls.
You gain the combat prowess of a mighty hero.
The boulder beetle bites you but does no damage.
You hit the boulder beetle but do no damage.
The boulder beetle is heavily wounded.
The boulder beetle bites you but does no damage.
You hit the boulder beetle but do no damage.
The boulder beetle is heavily wounded.
You hit the boulder beetle but do no damage.
The boulder beetle is heavily wounded.
The boulder beetle bites you but does no damage.
As you read the scroll of teleportation, it crumbles to dust.
You feel strangely unstable. The boulder beetle bites you.
* * * LOW HITPOINT WARNING * * *
You hit the boulder beetle but do no damage.
The boulder beetle is heavily wounded.
The boulder beetle attacks as you move away!
The boulder beetle bites you!
You die...

#.# #.# #.#
#.# #####
#.# #....
#.# #####
#.#
#########.#
#...)B@...#
#.#######.#
#.# #.# ..#
#.# ####
#.. ###


You could see a boulder beetle.

Vanquished Creatures
  A two-headed ogre (D:9)
  The ghost of stickyfingers the Basher, a novice DsDe of Hepliaklqana (D:8)
  An elephant (D:9)
  An unseen horror (D:8)
  A gargoyle (D:7)
  A kobold demonologist (D:7)
  A troll (D:9)
  A slime creature (D:7)
  A ynoxinul (D:8)
  2 wraiths
  Eustachio (D:5)
  2 wyverns
  3 steam dragons
  2 basilisks (D:9)
  A vampire mosquito (D:7)
  The ghost of PostNTower the Insei, an amateur OpTm (D:3)
  Edmund (D:5)
  2 acid dragons
  A sky beast (D:8)
  2 ice beasts
  2 orc warriors
  3 centaurs
  3 ogres
  A phantom (D:7)
  4 kobold brigands
  10 bullfrogs
  3 scorpions
  9 wights
  5 killer bees
  A howler monkey (D:7)
  4 hounds
  2 jellies
  2 sleepcaps
  A gnoll bouda (D:6)
  5 orc priests
  4 iguanas
  3 orc wizards
  Robin (D:3)
  8 gnolls
  7 adders
  4 shadow imps
  2 white imps
  3 ufetubi (D:5)
  4 dart slugs
  2 worms
  32 orcs
  4 ball pythons
  7 bats
  4 endoplasms
  3 giant cockroaches
  17 goblins
  13 hobgoblins
  5 jackals
  3 quokkas
  3 training dummies (D:6)
  2 frilled lizards
  14 kobolds
  2 rats (D:2)
229 creatures vanquished.

Notes
Turn   | Place    | Note
-------+----------+-------------------------------------------
     0 | D:1      | vineage the Merfolk Gladiator began the quest for the Orb.
     0 | D:1      | Reached XP level 1. HP: 16/16 MP: 1/1
    79 | D:1      | Reached XP level 2. HP: 23/23 MP: 2/2
   235 | D:1      | Reached XP level 3. HP: 23/29 MP: 3/3
   337 | D:1      | Found a faded altar of an unknown god.
   783 | D:2      | Reached skill level 5 in Polearms
  1218 | D:2      | Reached XP level 4. HP: 35/35 MP: 4/4
  1517 | D:3      | Noticed Robin
  1539 | D:3      | Killed Robin
  1733 | D:3      | Found an ornate altar of the Wu Jian Council.
  1891 | D:3      | Identified the staff of conjuration "Amior" {rC+ rN+ Dex+3
                  | Stlth+}
  1915 | D:3      | Reached XP level 5. HP: 42/42 MP: 5/5
  2011 | D:3      | Found a shimmering blue altar of Sif Muna.
  2011 | D:3      | Found a sparkling altar of Nemelex Xobeh.
  2312 | D:4      | Reached skill level 6 in Polearms
  2402 | D:4      | Reached XP level 6. HP: 12/49 MP: 6/6
  2571 | D:4      | Reached skill level 1 in Armour
  3017 | D:4      | Found a runed translucent gate.
  3018 | D:4      | Found a runed translucent gate.
  3018 | D:4      | Found a runed translucent gate.
  3020 | D:4      | Noticed PostNTower's ghost (amateur OpTm)
  3021 | D:4      | Identified the +4 chain mail of the Four Portals {rPois
                  | rC+++ Str-2 SInv}
  3579 | D:3      | Killed PostNTower's ghost
  3580 | D:3      | Reached skill level 5 in Fighting
  3580 | D:3      | Reached skill level 5 in Dodging
  3580 | D:3      | Reached XP level 7. HP: 39/56 MP: 7/7
  3647 | D:4      | Reached skill level 7 in Polearms
  3647 | D:4      | Reached skill level 1 in Shields
  3712 | D:5      | Entered Level 5 of the Dungeon
  3747 | D:5      | Identified the +4 whip "Leviticus" {spect, *Rage rF+ rN+
                  | Dex+3}
  3856 | D:5      | Noticed a steam dragon
  3857 | D:5      | Found a staircase to the Ecumenical Temple.
  3883 | D:5      | Killed a steam dragon
  4169 | Temple   | Entered the Ecumenical Temple
  4287 | Temple   | Became a worshipper of Warmaster Okawaru
  4360 | D:5      | Found an opulent altar of Gozag.
  4435 | D:5      | Reached XP level 8. HP: 41/63 MP: 8/8
  4991 | D:6      | Noticed Edmund
  4993 | D:6      | Noticed Eustachio
  5027 | D:5      | Killed Edmund
  5385 | D:5      | Killed Eustachio
  5386 | D:5      | Reached skill level 8 in Polearms
  5443 | D:6      | Found Teuj's Firing Range.
  5605 | D:6      | Reached * piety under Okawaru
  5745 | D:6      | Noticed a wyvern
  5783 | D:6      | Killed a wyvern
  5811 | D:6      | HP: 3/65 [gnoll/+0 spear[a gnoll bouda] (7)]
  5812 | D:6      | HP: 1/65 [gnoll/+0 spear[a gnoll bouda] (2)]
  6264 | D:6      | Reached XP level 9. HP: 71/71 MP: 9/9
  6558 | D:7      | Found a glowing golden altar of the Shining One.
  6638 | D:7      | Reached skill level 9 in Polearms
  6765 | D:7      | Found a glowing silver altar of Zin.
  6880 | D:7      | Reached ** piety under Okawaru
  7430 | D:7      | Reached skill level 5 in Shields
  7475 | D:7      | Noticed a kobold demonologist
  7475 | D:7      | Noticed a gargoyle
  7480 | D:7      | Reached XP level 10. HP: 59/80 MP: 10/10
  7495 | D:7      | Killed a kobold demonologist
  7505 | D:7      | Killed a gargoyle
  7505 | D:7      | Reached *** piety under Okawaru
  7506 | D:7      | Reached skill level 10 in Polearms
  8210 | D:8      | Noticed an eight-headed hydra
  8210 | D:8      | Noticed a gargoyle
  8210 | D:8      | Found a transporter.
  8210 | D:8      | Found a transporter.
  8210 | D:8      | Found a white marble altar of Elyvilon.
  8211 | D:8      | Noticed a five-headed hydra
  8332 | D:8      | Found a runed translucent door.
  8343 | D:8      | Noticed stickyfingers's ghost (novice DsDe)
  8441 | D:8      | Reached skill level 1 in Invocations
  8604 | D:8      | Noticed an unseen horror
  8670 | D:8      | Killed an unseen horror
  8764 | D:8      | Reached **** piety under Okawaru
  8964 | D:8      | Found a blossoming altar of Fedhas.
  9129 | D:8      | Identified the +2 chain mail of Honesty {rElec rN+ Int+2
                  | Stlth-}
  9271 | D:8      | Found an ancient bone altar of Kikubaaqudgha.
  9460 | D:8      | Killed stickyfingers's ghost
  9461 | D:8      | Reached skill level 5 in Armour
  9536 | D:8      | Got the Anthology of the Gargoyle
  9676 | D:9      | Reached XP level 11. HP: 75/87 MP: 13/13
  9681 | D:9      | Reached skill level 10 in Dodging
  9703 | D:9      | Noticed a two-headed ogre
  9704 | D:9      | Found a staircase to the Lair.
  9722 | D:9      | Killed a two-headed ogre
  9723 | D:9      | Reached skill level 11 in Polearms
  9948 | D:9      | Identified the +0 plate armour of the Blessed Realm {rN+
                  | Will+ rCorr Str+2}
 10562 | D:9      | Noticed a boulder beetle
 10682 | D:9      | Mangled by a boulder beetle

Illustrated notes

Levels and vault maps discovered:
D:1:      mrwooster_arrival_statue_2, layout_rooms,
          hellmonk_ecumenical_altar_pennies_from_heaven,
          chequers_serial_rivers_large_a, serial_bayou_pond_c
D:2:      layout_basic, eino_tiny_chamber
D:3:      layout_basic, nicolae_wu_jian_wuxing_cycle, minitemple, uniq_robin
D:4:      layout_rooms, biasface_ghost_orc_armoury, minivault_26,
          grunt_decor_clamped, minmay_strange_pillars
D:5:      layout_gridville, kennysheep_mini_moat, minmay_temple_entry_water_ring
D:6:      layout_basic, nicolae_shop_firing_range, uniq_edmund, uniq_eustachio
D:7:      layout_loops_corners, mainiacjoe_overflow_concentric_impassable,
          general_overflow_altar, minmay_shattered_shrine
D:8:      hangedman_cross_stitches, layout_basic, lemuel_round_altar,
          mainiacjoe_overflow_boulevard, gammafunk_temple_overflow_arena,
          hellmonk_ghost_big_iron
D:9:      layout_loops_ring, david_lair_generic, special_room
          [special_room_orc], minmay_orc_keep
Temple:   minmay_temple_bridge_abc

Skill      XL: |  1  2  3  4  5  6  7  8  9 10 11 |
---------------+----------------------------------+-----
Fighting       | 3 4 5 6 7 8 9 |  9.1
Polearms       | 5 6 7 8 9 10 11 | 11.2
Armour         | 1 2 3 4 5 |  5.4
Dodging        | 5 6 7 8 9 10 | 10.4
Shields        | 2 3 5 6 |  6.8
Invocations    | 3 4 |  4.2
Throwing       | |  2.0

Action                     |  1- 3 |  4- 6 |  7- 9 | 10-12 || total
---------------------------+-------+-------+-------+-------++-------
  Melee: Trident           |   103 |   184 |   475 |   227 ||   989
         Punch             |       |     1 |       |       ||     1
         Spear             |       |       |       |   297 ||   297
 Invoke: Heroism           |       |       |     1 |     6 ||     7
    Use: Scroll            |     4 |     7 |     7 |     1 ||    19
         Potion            |       |     2 |     3 |     2 ||     7
   Stab: Sleeping          |     1 |       |       |       ||     1
 Armour: Leather armour    |    23 |       |       |       ||    23
         Chain mail        |    15 |    79 |   223 |   193 ||   510
  Dodge: Dodged            |    68 |    54 |   163 |   154 ||   439
  Block: Buckler           |       |     6 |   107 |   105 ||   218

Table legend: (Time is in decaauts)
 A = Elapsed time spent in this place.
 B = Non-inter-level travel time spent in this place.
 C = Inter-level travel time spent in this place.
 D = Time resting spent in this place.
 E = Time spent auto-exploring this place.
 F = Levels seen in this place.
 G = Mean time per level.
                   A        B        C        D        E       F      G
               +--------+--------+--------+--------+--------+-----+--------+
         Total |  10453 |  10191 |    262 |   2745 |   5481 |  10 | 1045.3 |
       Dungeon |  10352 |  10115 |    237 |   2745 |   5415 |   9 | 1150.2 |
        Temple |    100 |     75 |     25 |      0 |     66 |   1 |  100.0 |
               +--------+--------+--------+--------+--------+-----+--------+

Top non-repeatable levels by time:
     D:5: 1495 daAuts
     D:7: 1442 daAuts
     D:6: 1388 daAuts
     D:8: 1321 daAuts
     D:4: 1220 daAuts
     D:3: 1012 daAuts
     D:9: 999 daAuts
     D:2: 903 daAuts
     D:1: 567 daAuts
  Temple: 100 daAuts
